 Dungeon Crawl Stone Soup version 0.30-a0-867-g305f33218d (webtiles) character file.

Game seed: 5044077033099347040

73 retardedninja the Covered (level 4, -8/40 HPs)
             Began as an Armataur Fighter on Mar 10, 2023.
             Mangled by an iron imp (9 damage)
             ... summoned by Natasha
             ... on level 2 of the Dungeon.
             The game lasted 00:01:37 (1049 turns).

retardedninja the Covered (Armataur Fighter)        Turns: 1049, Time: 00:01:38

Health: -8/40      AC:  7    Str: 24    XL:     4   Next: 8%
Magic:  4/4        EV:  7    Int:  8    God:
Gold:   99         SH:  4    Dex:  9    Spells: 3/3 levels left

rFire   . . .      SeeInvis .    a - +0 long sword
rCold   . . .      Faith    .    c - +0 buckler
rNeg    . . .      Spirit   .    b - +0 scale mail
rPois   .          Reflect  .    (no helmet)
rElec   .          Roll     +    (no cloak)
rCorr   .                        (no gloves)
Will    .....                    (no barding) Stlth
                                 (no amulet)
HPRegen 0.26/turn                (no ring)
MPRegen 0.09/turn                (no ring)

@: slowed, very slow
A: large, rugged brown scales 3, deformed body, armoured tail, roll, long
tongue, awkward tongue
a: no special abilities


You were on level 2 of the Dungeon.
You visited 1 branch of the dungeon, and saw 2 of its levels.

You collected 99 gold pieces.

Inventory:

Hand Weapons
 a - a +0 long sword (weapon)
Armour
 b - a +0 scale mail (worn)
 c - a +0 buckler (worn)
Jewellery
 f - a +6 ring of intelligence
 h - a +6 ring of dexterity
 i - a ring of poison resistance
Scrolls
 e - 7 scrolls of identify {unknown}
 g - a scroll of teleportation {unknown}
 k - a scroll of immolation {unknown}
 l - a scroll of vulnerability {unknown}
Potions
 d - 2 potions of might


   Skills:
 + Level 3.1 Fighting
 * Level 2.8 Long Blades
 + Level 4.2 Armour
 + Level 3.8 Shields


You had 3 spell levels left.
You didn't know any spells.
Your spell library was empty.

Dungeon Overview and Level Annotations

Branches:
Dungeon (2/15)

Altars:

Annotations:
D:2 Natasha


Innate Abilities, Weirdness & Mutations

You are completely covered in rugged brown scales. (AC +3, +7% HP)
Armour fits poorly on your strangely shaped body.
You have a long armoured tail.
You roll when moving toward enemies. (Rampage)
Your long tongue fully drains potion bottles. (2x potion effects)
Your tongue gives you trouble enunciating. (1.5x scroll delay)


Message History

* * * LOW HITPOINT WARNING * * *
Natasha claws you but does no damage.
The white imp picks up a beetle and eats it.
The white imp hits you but does no damage.
The white imp hits you.
* * * LOW HITPOINT WARNING * * *
The white imp freezes you.
* * * LOW HITPOINT WARNING * * *
You slurp down every last drop of the inky potion!
It was a potion of curing.
You feel better. Natasha claws you but does no damage.
The white imp hits you but does no damage.
The iron imp hits you.
* * * LOW HITPOINT WARNING * * *
The white imp gestures at you. The puff of frost hits you.
* * * LOW HITPOINT WARNING * * *
Natasha claws you but does no damage.
The white imp hits you but does no damage.
Unknown command.
You slurp down every last drop of the potion of curing!
You feel better. You block the white imp's attack. The iron imp hits you!
* * * LOW HITPOINT WARNING * * *
Natasha claws you but does no damage.
The white imp hits you but does no damage. x2
You closely miss Natasha.
Natasha is severely wounded.
Natasha claws you.
* * * LOW HITPOINT WARNING * * *
The white imp spits at you. You block the white imp's attack.
The iron imp hits you but does no damage.
The white imp hits you.
* * * LOW HITPOINT WARNING * * *
The white imp freezes you.
* * * LOW HITPOINT WARNING * * *
You block Natasha's attack.
The white imp hits you but does no damage.
The iron imp hits you!
You die...

........#..#..#.........
........#..#..#......#
.....................#
.....................#
.....#...........#####
........#........#
.#......#........#
........####..รท..#####.?
..## #......5@5.$.... ..
...../...5h.....##
..................
..........#.......
............[.....
...#####.......... ...
#.......... #..........


You could see an iron imp (summoned), Natasha and 2 white imps.

Vanquished Creatures
  Natasha (D:2)
  An adder (D:2)
  A dart slug (D:2)
  4 endoplasms (D:1)
  A giant cockroach (D:2)
  4 goblins
  3 hobgoblins
  4 jackals (D:1)
  2 kobolds (D:1)
  2 quokkas
  5 bats
  A frilled lizard (D:2)
  6 rats
35 creatures vanquished.

Notes
Turn   | Place    | Note
-------+----------+-------------------------------------------
     0 | D:1      | retardedninja the Armataur Fighter began the quest for the
                  | Orb.
     0 | D:1      | Reached XP level 1. HP: 19/19 MP: 1/1
    84 | D:1      | Reached XP level 2. HP: 23/26 MP: 2/2
   115 | D:1      | Found a faded altar of an unknown god.
   583 | D:2      | Reached skill level 4 in Armour
   634 | D:2      | Noticed Natasha
   637 | D:2      | Reached XP level 3. HP: 33/33 MP: 3/3
   645 | D:2      | Killed Natasha
   829 | D:2      | Reached XP level 4. HP: 5/40 MP: 4/4
  1036 | D:2      | Noticed Natasha
  1049 | D:2      | HP: 1/40 [white imp[Natasha] (4)]
  1049 | D:2      | Mangled by an iron imp

Illustrated notes

Levels and vault maps discovered:
D:1:      dpeg_arrival_court, layout_rooms, hellmonk_ecumenical_altar_run_dry
D:2:      layout_basic, minmay_tromino_i2, uniq_terence, uniq_natasha

Skill      XL: |  1  2 |
---------------+-------+-----
Long Blades    | 2 |  2.8
Armour         | 4 |  4.2
Fighting       | 3 |  3.1
Shields        | |  3.8

Action                     |  1- 3 |  4- 6 || total
---------------------------+-------+-------++-------
  Melee: Long sword        |    99 |    11 ||   110
         Tailslap          |    12 |     1 ||    13
    Use: Potion            |       |     2 ||     2
 Armour: Scale mail        |    70 |    13 ||    83
  Dodge: Dodged            |    35 |     4 ||    39
  Block: Buckler           |    26 |     7 ||    33

Table legend: (Time is in decaauts)
 A = Elapsed time spent in this place.
 B = Non-inter-level travel time spent in this place.
 C = Inter-level travel time spent in this place.
 D = Time resting spent in this place.
 E = Time spent auto-exploring this place.
 F = Levels seen in this place.
 G = Mean time per level.
                   A        B        C        D        E       F      G
               +--------+--------+--------+--------+--------+-----+--------+
         Total |   1090 |   1052 |     38 |    242 |    542 |   2 |  545.0 |
       Dungeon |   1090 |   1052 |     38 |    242 |    542 |   2 |  545.0 |
               +--------+--------+--------+--------+--------+-----+--------+

Top non-repeatable levels by time:
     D:1: 586 daAuts
     D:2: 504 daAuts
